 Dungeon Crawl Stone Soup version 0.29-a0-901-g46a8461d6a (webtiles) character file.

Game seed: 10588948802792072201

834 gruber the Geomancer (level 7, -8/36 HPs)
             Began as a Gargoyle Earth Elementalist on July 23, 2022.
             Was an Initiate of Vehumet.
             Killed from afar by a steam dragon (19 damage)
             ... with a ball of steam
             ... on level 6 of the Dungeon.
             The game lasted 00:03:38 (3992 turns).

gruber the Geomancer (Gargoyle Earth Elementalist)  Turns: 3992, Time: 00:03:40

Health: -8/36      AC:  6    Str: 19    XL:     7   Next: 98%
Magic:  9/11       EV: 11    Int: 23    God:    Vehumet [......]
Gold:   382        SH:  0    Dex: 10    Spells: 8/12 levels left

rFire   . . .      SeeInvis .   E - +5 whip "Meare" {vamp, *Slow Str+8 Int+5}
rCold   . . .      Faith    .   (no shield)
rNeg    + . .      Spirit   .   a - +0 robe
rPois   ∞          Reflect  .   (no helmet)
rElec   +          Harm     .   (no cloak)
rCorr   +          Rampage  .   (no gloves)
Will    .....                   (no boots)
Stlth   ++........              (no amulet)
HPRegen 0.12/turn               h - ring of resist corrosion
MPRegen 0.12/turn               (no ring)

@: no status effects
A: sickness immunity, AC +4, negative energy resistance 1, electricity
resistance, torment resistance 1, petrification resistance
a: Renounce Religion


You were on level 6 of the Dungeon.
You worshipped Vehumet.
Vehumet was noncommittal.
You visited 2 branches of the dungeon, and saw 6 of its levels.

You collected 382 gold pieces.

Inventory:

Hand Weapons
 E - the +5 whip "Meare" (weapon) {vamp, *Slow Str+8 Int+5}
   (You found it on level 4 of the Dungeon)

   It occasionally heals its wielder for a portion of the damage dealt when it
   wounds a living foe.
   Str:       It affects your strength (+8).
   Int:       It affects your intelligence (+5).
   *Slow:     It may slow you when you take damage.
Armour
 a - a +0 robe (worn)
Jewellery
 h - a ring of resist corrosion (left hand)
Wands
 t - a wand of iceblast (11)
 x - a wand of paralysis (8)
 B - a wand of polymorph (11)
 D - a wand of flame (17)
Scrolls
 c - 2 scrolls of amnesia {unknown}
 d - 4 scrolls of teleportation {unknown}
 e - 4 scrolls of magic mapping {unknown}
 i - 2 scrolls of identify {unknown}
 j - 2 scrolls of noise {unknown}
 n - 3 scrolls of poison {unknown}
 p - a scroll of vulnerability {unknown}
 r - a scroll of blinking {unknown}
 v - a scroll of fear {unknown}
 w - a scroll of summoning {unknown}
 y - a scroll of torment {unknown}
 z - a scroll of butterflies {unknown}
Potions
 b - 2 potions of magic
 f - a potion of haste {unknown}
 g - a potion of might {unknown}
 k - 2 potions of mutation {unknown}
 l - a potion of brilliance {unknown}
 m - a potion of curing {unknown}
 o - a potion of berserk rage {unknown}
 q - a potion of cancellation {unknown}
 s - 2 potions of heal wounds
 u - a potion of degeneration {unknown}
 C - 2 potions of flight {unknown}


   Skills:
 - Level 1.5 Dodging
 - Level 2.1 Stealth
 - Level 3.2 Spellcasting
 - Level 0.7 Transmutations
 * Level 10.4 Earth Magic


You had 8 spell levels left.
You knew the following spells:

 Your Spells              Type           Power      Damage    Failure   Level
a - Sandblast             Erth           100%       2d20      1%          1
b - Stone Arrow           Conj/Erth      54%        3d10      4%          3

Your spell library contained the following spells:

 Spells                   Type           Power      Damage    Failure   Level
 Passwall                 Tmut/Erth      24%        N/A       1%          2
 Petrify                  Tmut/Erth      29%        N/A       12%         4


Dungeon Overview and Level Annotations

Branches:
Dungeon (6/15)             Temple (1/1) D:5

Altars:
Cheibriados
Dithmenos
Elyvilon
Makhleb
Okawaru
Qazlal
Sif Muna
Vehumet
Xom
Zin

Shops:
D:6 [


Innate Abilities, Weirdness & Mutations

You are immune to sickness and miasma.
Your stone body is resilient. (AC +4)
You are immune to poison.
You resist negative energy. (rN+)
You are resistant to electric shocks. (rElec)
You are resistant to unholy torment.
You are immune to petrification.


Message History

Vehumet accepts your kill.
You can't see any susceptible monsters within range! (Use Z to cast anyway.)
You open the door.
There is an open door here.
s - 2 potions of heal wounds (gained 1)
Found a stone staircase leading down.
An orc priest comes into view. It is wielding a +0 short sword.
An orc priest is nearby!
An orc priest is nearby!
The blast of sand hits the orc priest!
The orc priest is almost dead.
The orc priest misses you.
The blast of sand misses the orc priest.
The orc priest misses you.
The orc priest mumbles some strange prayers to Beogh against you.
Pain shoots through your body!
The blast of sand misses the orc priest.
The orc priest casts a cantrip, but nothing happens.
The orc priest hits you with a +0 short sword.
The blast of sand hits the orc priest!!
You kill the orc priest!
Vehumet accepts your kill.
A steam dragon comes into view.
Found 4 atropa-tipped darts.
The steam dragon hisses angrily.
The steam dragon breathes steam at you. The ball of steam hits you!
The steam dragon moves out of view.
You hear a shout!
You're standing in a cloud of steam!
You're standing in a cloud of steam!
You're standing in a cloud of steam!
You are engulfed in a cloud of scalding steam.
The blast of sand misses the steam dragon.
The blast of sand hits the steam dragon.
The steam dragon is lightly wounded.
The steam dragon bites you! The steam dragon claws you.
The steam dragon breathes steam at you. The ball of steam hits you!!
Ouch! That really hurt!
You die...

#.##........ .
#.##.####.## ###
#..........# ...
####.####..#. ###
##.#####.#.......
...
#........#.#.....
...
########.#§....
#.#D.####(
#.@...$...
#.#..#####
#.#....# #.#.##.#
#.#.# # #.#..
#.#.. #.#.#


You could see a steam dragon (catching breath).

Vanquished Creatures
  Eustachio (D:4)
  An ice beast (D:6)
  2 phantoms (D:4)
  A jelly (D:6)
  4 hounds
  An orc priest (D:6)
  Ijyb (D:5)
  Natasha (twice) (D:4)
  3 iguanas
  5 adders
  An ufetubus (D:5)
  3 worms (D:2)
  5 dart slugs
  4 orcs
  3 endoplasms
  2 giant cockroaches
  3 goblins (D:2)
  5 hobgoblins (D:4)
  5 kobolds
  5 quokkas
  3 ball pythons
  3 bats
  2 frilled lizards
65 creatures vanquished.

Notes
Turn   | Place    | Note
-------+----------+-------------------------------------------
     0 | D:1      | gruber the Gargoyle Earth Elementalist began the quest for
                  | the Orb.
     0 | D:1      | Reached XP level 1. HP: 10/10 MP: 3/3
     9 | D:1      | Noticed an ogre
   183 | D:1      | Reached skill level 4 in Earth Magic
   370 | D:1      | Reached XP level 2. HP: 15/15 MP: 1/5
   769 | D:2      | Found a faded altar of an unknown god.
   895 | D:2      | Reached XP level 3. HP: 19/19 MP: 3/6
   974 | D:2      | Reached skill level 5 in Earth Magic
  1141 | D:2      | Reached XP level 4. HP: 9/24 MP: 0/7
  1525 | D:2      | You fall into a shaft and drop 2 floors!
  1630 | D:4      | Learned a level 3 spell: Stone Arrow
  1679 | D:4      | Noticed a phantom
  1685 | D:4      | Killed a phantom
  1686 | D:4      | Reached skill level 6 in Earth Magic
  1686 | D:4      | Reached XP level 5. HP: 20/28 MP: 3/9
  2051 | D:4      | Noticed Natasha
  2051 | D:4      | Noticed a phantom
  2054 | D:4      | Killed Natasha
  2058 | D:4      | Killed a phantom
  2059 | D:4      | Reached skill level 7 in Earth Magic
  2059 | D:4      | Reached XP level 6. HP: 26/32 MP: 2/10
  2192 | D:4      | Noticed Eustachio
  2236 | D:5      | Entered Level 5 of the Dungeon
  2312 | D:5      | Found a staircase to the Ecumenical Temple.
  2361 | D:5      | Found an iron altar of Okawaru.
  2377 | Temple   | Entered the Ecumenical Temple
  2416 | D:5      | Noticed Ijyb
  2435 | D:5      | Killed Ijyb
  2584 | D:5      | Reached skill level 8 in Earth Magic
  2636 | D:5      | Found a shimmering blue altar of Sif Muna.
  2699 | D:5      | Found a radiant altar of Vehumet.
  2704 | D:5      | Reached XP level 7. HP: 36/36 MP: 7/11
  2709 | D:5      | Became a worshipper of Vehumet
  2887 | D:5      | Found a shadowy altar of Dithmenos.
  3221 | D:4      | Killed Eustachio
  3222 | D:4      | Reached skill level 9 in Earth Magic
  3387 | D:4      | Noticed Natasha
  3388 | D:4      | Killed Natasha
  3412 | D:4      | Identified the +5 whip "Meare" {vamp, *Slow Str+8 Int+5}
  3809 | D:6      | Reached skill level 10 in Earth Magic
  3818 | D:6      | Found Hipogeta's Antique Armour Shop.
  3989 | D:6      | Noticed a steam dragon
  3992 | D:6      | Killed from afar by a steam dragon

Illustrated notes

Levels and vault maps discovered:
D:1:      evilmike_arrival_come_back, layout_basic, dreamdust_wishing_well
D:2:      layout_rooms, nicolae_ecumenical_lake_church
D:4:      layout_loops_ring, minmay_fractal_squares_gapless_5, uniq_natasha,
          uniq_eustachio
D:5:      layout_loops_ring, okawaru_trees_1,
          mainiacjoe_overflow_catch_the_wave,
          nicolae_dithmenos_through_a_glass_darkly, minmay_temple_entry_waves,
          uniq_ijyb
D:6:      layout_basic, mainiacjoe_overflow_divided_tiny, serial_shops,
          nicolae_shop_behind_doors
Temple:   hellmonk_temple_two_chambers

Skill      XL: |  1  2  3  4  5  6  7 |
---------------+----------------------+-----
Earth Magic    | 4 5 6 7 8 10 | 10.4
Spellcasting   | 3 |  3.2
Dodging        | |  1.5
Stealth        | |  2.1
Transmutations | |  0.7

Action                   |  1- 3 |  4- 6 |  7- 9 || total
-------------------------+-------+-------+-------++-------
Melee: Unarmed           |     2 |     1 |    19 ||    22
       Punch             |     1 |       |       ||     1
       Rapier            |       |     4 |     4 ||     8
 Cast: Sandblast         |    39 |    60 |    30 ||   129
Armor: Robe              |    14 |    26 |     5 ||    45
       Skin              |       |       |     8 ||     8
Dodge: Dodged            |    14 |    40 |    36 ||    90

Table legend: (Time is in decaauts)
 A = Elapsed time spent in this place.
 B = Non-inter-level travel time spent in this place.
 C = Inter-level travel time spent in this place.
 D = Time resting spent in this place.
 E = Time spent auto-exploring this place.
 F = Levels seen in this place.
 G = Mean time per level.
                   A        B        C        D        E       F      G
               +--------+--------+--------+--------+--------+-----+--------+
         Total |   4120 |   4000 |    120 |      0 |   3416 |   6 |  686.7 |
       Dungeon |   4093 |   3978 |    115 |      0 |   3396 |   5 |  818.6 |
        Temple |     26 |     22 |      4 |      0 |     20 |   1 |   26.0 |
               +--------+--------+--------+--------+--------+-----+--------+

Top non-repeatable levels by time:
     D:4: 1347 daAuts
     D:2: 938 daAuts
     D:5: 806 daAuts
     D:1: 633 daAuts
     D:6: 367 daAuts
  Temple: 26 daAuts
